 Dungeon Crawl Stone Soup version 0.29-a0-321-gf1c400731a (webtiles) character file.

Game seed: 4793501789009218030

72 GigaChad the Bolt Thrower (level 4, -4/38 HPs)
             Began as a Minotaur Hunter on Apr 4, 2022.
             Was a Priest of Jiyva.
             Slain by Natasha (10 damage)
             ... on level 3 of the Dungeon.
             The game lasted 00:10:06 (1837 turns).

GigaChad the Bolt Thrower (Minotaur Hunter)         Turns: 1837, Time: 00:10:06

Health: -4/38      AC:  8    Str: 16    XL:     4   Next: 7%
Magic:  3/3        EV:  3    Int:  6    God:    Jiyva [***...]
Gold:   83         SH: 11    Dex: 15    Spells: 3/3 levels left

rFire   + + +      SeeInvis .   q - +0 hand axe
rCold   . . .      Faith    .   e - +0 tower shield
rNeg    . . .      Spirit   .   k - +0 chain mail
rPois   .          Reflect  .   (helmet restricted)
rElec   .          Harm     .   (no cloak)
rCorr   +          Rampage  .   (no gloves)
Will    .....                   (no boots)
Stlth   ..........              (no amulet)
HPRegen 1.24/turn               r - +4 ring of slaying
MPRegen 0.43/turn               (no ring)

@: slowed, very slow
A: horns 2, retaliatory headbutt, fire resistance 3, jelly absorbing missiles
a: Renounce Religion, Oozemancy


You were on level 3 of the Dungeon.
You worshipped Jiyva.
Jiyva was most pleased with you.
You visited 1 branch of the dungeon, and saw 3 of its levels.

You collected 83 gold pieces.

Inventory:

Hand Weapons
 a - a +1 hand crossbow
 h - a +0 short sword
 q - a +0 hand axe (weapon)
Armour
 b - a +0 leather armour
 e - a +0 tower shield (worn)
 k - a +0 chain mail (worn)
Jewellery
 r - a +4 ring of slaying (left hand)
Scrolls
 c - 2 scrolls of immolation
 d - a scroll of identify {unknown}
 j - a scroll of amnesia {unknown}
 l - 2 scrolls of enchant weapon {unknown}
 m - a scroll of acquirement {unknown}
 p - a scroll of noise {unknown}
 s - a scroll of teleportation {unknown}
Potions
 f - 2 potions of haste {unknown}
 g - a potion of resistance {unknown}
 i - a potion of heal wounds {unknown}
 n - a potion of degeneration {unknown}
 o - a potion of invisibility {unknown}


   Skills:
 + Level 3.0 Fighting
 + Level 5.6 Crossbows
 + Level 0.9 Armour
 + Level 2.4 Dodging
 + Level 0.7 Stealth
 + Level 0.9 Shields


You had 3 spell levels left.
You didn't know any spells.
Your spell library was empty.

Dungeon Overview and Level Annotations

Branches:
Dungeon (3/15)

Altars:
Cheibriados
Kikubaaqudgha
Qazlal
Jiyva

Annotations:
D:3 1 runed translucent door, Crazy Yiuf, Natasha


Innate Abilities, Weirdness & Mutations

You have a pair of horns on your head.
You reflexively headbutt those who attack you in melee.
Your flesh is almost immune to the effects of heat. (rF+++)
You have a small jelly attached to you that may absorb projectiles.


Message History

Natasha mumbles some strange words.
You shoot a bolt. The bolt completely misses Natasha.
The bolt barely misses the white imp.
Natasha claws you.
Natasha mumbles some strange words.
Natasha shimmers violently.
Natasha casts a spell at you. You resist with some effort.
The white imp picks up a beetle and eats it.
Natasha barely misses you.
You hear a series of splatters.
Natasha attacks as you move away! You block Natasha's attack.
Natasha casts a spell at you. The magic dart hits you.
You shoot a bolt. The bolt barely misses Natasha.
The bolt hits the white imp!
The white imp is almost dead.
You block Natasha's attack.
The white imp shouts, "Scamper hence, thou mangled knotty-pated boar-pig!"
You block Natasha's attack. The white imp gestures at you.
The puff of frost hits you! The white imp puffs mist at you.
You hear a distant slurping noise.
Natasha claws you. The white imp attacks as you move away!
The white imp barely misses you.
You hear a distant slurping noise.
The white imp gestures at you. The puff of frost hits you!
* * * LOW HITPOINT WARNING * * *
You are too injured to fight recklessly!
You are too injured to fight recklessly!
You are too injured to fight recklessly!
The white imp disappears in a puff of smoke! x2
Natasha barely misses you.
Natasha stares at you and mumbles some strange words.
The magic dart hits you.
* * * LOW HITPOINT WARNING * * *
You hear a distant slurping noise. x2
q - a +0 hand axe (weapon)
You block the shadow imp's attack. Natasha claws you!
You die...

##.# ...# #### ## ## #### .
#..#. ..# .. #....###.##
#._....§5.#
#########....#§h@.# #
........#..###....#####...#
)...# #.## #.............
###.# #.>## #.#...........
#.# #.>. #..##......... #
#.# #..# #..#.#........
###.# #..# #...#.##......
#...###..#####....# #....#
#..##.............#.# ####.


You could see Natasha (strong) and a shadow imp (summoned).

Vanquished Creatures
  2 adders
  3 worms
  4 orcs (D:3)
  An endoplasm (D:1)
  3 goblins
  4 hobgoblins (D:3)
  8 kobolds
  A quokka (D:2)
  4 ball pythons
  6 bats
  4 frilled lizards
  3 rats
43 creatures vanquished.

Vanquished Creatures (others)
  2 jellies (D:2)
  3 endoplasms (D:3)
  A goblin (D:3)
  A quokka (D:3)
  15 plants (D:2)
22 creatures vanquished.

Grand Total: 65 creatures vanquished

Notes
Turn   | Place    | Note
-------+----------+-------------------------------------------
     0 | D:1      | GigaChad the Minotaur Hunter began the quest for the Orb.
     0 | D:1      | Reached XP level 1. HP: 18/18 MP: 0/0
   393 | D:1      | Found a faded altar of an unknown god.
   418 | D:1      | Prayed at the altar of an unknown god.
   418 | D:1      | Became a worshipper of Jiyva Jafabluh the Shapeless
   418 | D:1      | Reached * piety under Jiyva
   647 | D:2      | Reached ** piety under Jiyva
   652 | D:2      | Reached XP level 2. HP: 25/25 MP: 1/1
   879 | D:2      | Reached skill level 5 in Crossbows
   941 | D:2      | Reached XP level 3. HP: 30/30 MP: 2/2
  1497 | D:3      | Reached *** piety under Jiyva
  1500 | D:3      | Found a snail-covered altar of Cheibriados.
  1549 | D:3      | Found a stormy altar of Qazlal.
  1586 | D:3      | Gained mutation: Your flesh is heat resistant. (rF+)
                  | [Jiyva's grace]
  1586 | D:3      | Gained mutation: Your flesh is very heat resistant. (rF++)
                  | [Jiyva's grace]
  1586 | D:3      | Gained mutation: Your flesh is almost immune to the effects
                  | of heat. (rF+++) [Jiyva's grace]
  1586 | D:3      | Gained mutation: You have a small jelly attached to you
                  | that may absorb projectiles. [Jiyva's grace]
  1624 | D:3      | Found a runed translucent door.
  1625 | D:3      | Noticed Crazy Yiuf
  1706 | D:3      | Reached XP level 4. HP: 38/38 MP: 3/3
  1808 | D:3      | Found an ancient bone altar of Kikubaaqudgha.
  1825 | D:3      | Noticed Natasha
  1837 | D:3      | Slain by Natasha

Illustrated notes

Levels and vault maps discovered:
D:1:      beargit_arrival_diablo_church, layout_basic, serial_shops,
          shop_statue, hellmonk_ecumenical_altar_blasted, kennysheep_doodads,
          corexii_item_surrounded_by_moat, solitary_fountain
D:2:      layout_basic, serial_glass, glass_columns_b, glass_columns_a,
          lexackson_kobold_supper
D:3:      layout_loops_ring, lemuel_zombie_altar_yredelemnul, elyvilon_altar_5,
          lemuel_doored_altar, mainiacjoe_overflow_alcove_1, slow_altar_1,
          minmay_misc_feat_secret_circle, guppyfry_early_orc_mine, uniq_ijyb,
          uniq_natasha, uniq_crazy_yiuf_cottage

Skill      XL: |  1  2  3 |
---------------+----------+-----
Crossbows      | 5 |  5.6
Fighting       | 3 |  3.0
Armour         | |  0.9
Dodging        | |  2.4
Stealth        | |  0.7
Shields        | |  0.9

Action                   |  1- 3 |  4- 6 || total
-------------------------+-------+-------++-------
Melee: Short sword       |    11 |       ||    11
 Fire: Hand crossbow     |   107 |    13 ||   120
Armor: Leather armour    |     6 |       ||     6
       Chain mail        |    84 |     7 ||    91
Dodge: Dodged            |    24 |     6 ||    30
Block: Tower shield      |    76 |     9 ||    85

Table legend: (Time is in decaauts)
 A = Elapsed time spent in this place.
 B = Non-inter-level travel time spent in this place.
 C = Inter-level travel time spent in this place.
 D = Time resting spent in this place.
 E = Time spent auto-exploring this place.
 F = Levels seen in this place.
 G = Mean time per level.
                   A        B        C        D        E       F      G
               +--------+--------+--------+--------+--------+-----+--------+
         Total |   1959 |   1959 |      0 |      0 |    396 |   3 |  653.0 |
       Dungeon |   1959 |   1959 |      0 |      0 |    396 |   3 |  653.0 |
               +--------+--------+--------+--------+--------+-----+--------+

Top non-repeatable levels by time:
     D:2: 853 daAuts
     D:3: 585 daAuts
     D:1: 520 daAuts
